 Dungeon Crawl Stone Soup version 0.29.1-1-gd02db6906a (webtiles) character file.

Game seed: 1455177573822512211

13434 112233 the Zephyrmancer (level 11, -7/130 HPs)
             Began as a Demonspawn Air Elementalist on Oct 10, 2022.
             Was a Priest of Makhleb.
             Mangled by an ettin
             ... wielding a +0 dire flail
              (19 damage)
             ... on level 11 of the Dungeon.
             The game lasted 00:18:36 (15496 turns).

112233 the Zephyrmancer (DsAE)                     Turns: 15496, Time: 00:18:36

Health: -7/130     AC: 25    Str:  9    XL:     11   Next: 75%
Magic:  32/32      EV:  2    Int: 20    God:    Makhleb [***...]
Gold:   271        SH:  0    Dex: 14    Spells: 14/26 levels left

rFire   . . .      SeeInvis .   Q - +3 dagger (venom)
rCold   . . .      Faith    .   (no shield)
rNeg    . . .      Spirit   .   (body armour currently unavailable)
rPois   +          Reflect  .   (helmet currently unavailable)
rElec   .          Harm     .   (cloak currently unavailable)
rCorr   .          Rampage  .   (gloves currently unavailable)
Will    .....      NoTele   +   (boots currently unavailable)
Stlth   ++........              C - amulet of magic regeneration
HPRegen 0.31/turn               m - ring of magical power
MPRegen 0.63/turn               (no ring)

@: tree-form
A: stationary, stasis, torment immunity, boosted hp, (slimy green scales 2),
ignite blood 3, demonic magic 2, (weakness stinger 1)
a: Renounce Religion, Minor Destruction, Lesser Servant of Makhleb


You were on level 11 of the Dungeon.
You worshipped Makhleb.
Makhleb was most pleased with you.
You were a tree.
You visited 2 branches of the dungeon, and saw 12 of its levels.

You collected 397 gold pieces.
You spent 126 gold pieces at shops.

Inventory:

Hand Weapons
 s - the +6 sling of Pighudest {freeze, rCorr}
   (You found it on level 4 of the Dungeon)

   Any ammunition fired from it freezes those it strikes, dealing additional
   cold damage.
   It can also slow down cold-blooded creatures.
   rCorr:     It protects you from acid and corrosion.
 v - a +2 dagger of electrocution
 Q - a +3 dagger of venom (weapon)
Armour
 a - a +0 robe (melded)
 d - the -2 pair of gloves of Greater Demons (melded) {Rampage rElec rF+ rN+}
   (You found it on level 7 of the Dungeon)

   rF:        It protects you from fire.
   rElec:     It insulates you from electricity.
   rN:        It protects you from negative energy.
   Rampage:   It bestows one free step when moving towards enemies.
 g - a scarf of invisibility (melded)
 u - a +0 pair of boots (melded)
 z - a +0 pair of gloves of strength
 B - a +0 cloak
 H - the +3 leather armour of Kuadobo {Drain rPois Dex+6}
   (You found it on level 8 of the Dungeon)

   Dex:       It affects your dexterity (+6).
   rPois:     It protects you from poison.
   Drain:     It drains your maximum health when unequipped.
Jewellery
 m - a ring of magical power (left branch)
 w - a ring of fire
 C - an amulet of magic regeneration (around neck)
 I - an amulet of the acrobat
 M - a +6 ring of dexterity
 P - a ring of protection from fire
Wands
 h - a wand of quicksilver (6)
 x - a wand of mindburst (35)
 D - a wand of iceblast (10)
 N - a wand of charming (9)
Scrolls
 c - 2 scrolls of enchant weapon {unknown}
 f - 2 scrolls of teleportation
 i - 5 scrolls of identify
 j - 3 scrolls of magic mapping {unknown}
 k - a scroll of silence {unknown}
 o - 2 scrolls of blinking {unknown}
 q - 4 scrolls of poison {unknown}
 y - a scroll of enchant armour {unknown}
 A - a scroll of fear {unknown}
 E - a scroll of amnesia {unknown}
 L - a scroll of immolation {unknown}
 S - a scroll of vulnerability {unknown}
Potions
 b - a potion of magic
 e - 5 potions of curing
 l - 4 potions of haste {unknown}
 n - 3 potions of heal wounds {unknown}
 r - 3 potions of attraction {unknown}
 t - 2 potions of berserk rage {unknown}
 F - a potion of resistance {unknown}
 G - a potion of mutation {unknown}
 J - 2 potions of might {unknown}
 K - a potion of degeneration {unknown}
 O - a potion of invisibility
 R - a potion of cancellation {unknown}


   Skills:
 + Level 8.3 Fighting
 + Level 8.1 Dodging
 - Level 2.3 Stealth
 + Level 8.2 Spellcasting
 - Level 5.1 Conjurations
 * Level 10.5 Air Magic


You had 14 spell levels left.
You knew the following spells:

 Your Spells              Type           Power      Damage    Failure   Level
a - Shock                 Conj/Air       100%       1d9       1%          1
b - Static Discharge      Conj/Air       39%        3-8/arc   1%          2
c - Swiftness             Air            50%        N/A       1%          3
d - Airstrike             Air            25%        2d(4-20)  1%          4
e - Blink                 Tloc           16%        N/A       13%         2

Your spell library contained the following spells:

 Spells                   Type           Power      Damage    Failure   Level
 Poisonous Vapours        Pois/Air       58%        N/A       1%          2
 Foxfire                  Conj/Fire      72%        2x1d7     3%          1
 Sandblast                Erth           16%        2d6       9%          1
 Sting                    Tmut/Pois      32%        1d4       9%          1
 Conjure Flame            Conj/Fire      18%        6-21      9%          3
 Stone Arrow              Conj/Erth      36%        3d9       9%          3
 Passwall                 Tmut/Erth      6%         N/A       13%         2
 Inner Flame              Hex/Fire       8%         N/A       26%         3
 Flame Wave               Conj/Fire      18%        2d7       28%         4
 Olgreb's Toxic Radiance  Pois           8%         N/A       63%         4
 Manifold Assault         Tloc           8%         N/A       93%         5
 Storm Form               Tmut/Air       14%        N/A       100%        7


Dungeon Overview and Level Annotations

Branches:
Dungeon (11/15)            Temple (1/1) D:5            Lair (0/5) D:10
    Orc (0/2) D:9

Altars:
Ashenzari
Cheibriados
Dithmenos
Fedhas
Gozag
Hepliaklqana
Kikubaaqudgha
Makhleb
Nemelex Xobeh
Okawaru
Qazlal
Ru
Sif Muna
Trog
Uskayaw
Vehumet
Wu Jian
Xom
Yredelemnul

Shops:
D:3 =   D:5 [   D:10 [

Annotations:
D:3 3 runed translucent doors, exclusion: downstairs, Demigod47's ghost, weakling DsAK


Innate Abilities, Weirdness & Mutations

You are a tree.
Your roots penetrate the ground, keeping you stationary.
You cannot be teleported.
You are immune to unholy pain and torment.
Your maximum health is greatly increased.
Your equipment is partially melded.
((You are mostly covered in slimy green scales. (AC +3)))
Your demonic aura causes all spilled blood to erupt in flames.
Spells you cast may paralyse nearby enemies.
((You have a small tail.))


Message History

Unknown command.
Unknown command.
Unknown command.
As you read the scroll of teleportation, it crumbles to dust.
You feel strangely unstable. The ynoxinul gestures at you.
The iron shot misses you.
The iron shot hits the hellwing!
The hellwing hits you.
The hellwing hits you but does no damage.
The soul eater draws from the surrounding life force!
The helpless ufetubus fails to defend itself.
You puncture the ufetubus!
You kill the ufetubus!
The ufetubus disappears in a puff of smoke!
The hellwing hits you. The hellwing closely misses you.
The ynoxinul gestures at you. The iron shot misses you.
The iron shot hits the hellwing!
The soul eater draws from the surrounding life force!
The kobold demonologist casts a spell.
Unknown command.
The ynoxinul attacks as you move away! The ynoxinul barely misses you.
The hellwing closely misses you. x2
Unknown command.
Your surroundings suddenly seem different.
An ettin comes into view. It is wielding two +0 dire flails.
Found six items.
The ettin barely misses you.
The ettin hits you with a +0 dire flail!!
* * * LOW HITPOINT WARNING * * *
You see here an orb of guile.
Unknown command.
Okay, then.
Unknown command.
Really quaff the potion of lignification?
You turn into a tree.
Your scarf of invisibility melds into your body.
The -2 pair of gloves of Greater Demons {Rampage rElec rF+ rN+} melds into your body.
Your +0 pair of boots melds into your body.
Your +0 robe melds into your body.
Your roots penetrate the ground.
The ettin hits you with a +0 dire flail!!
You die...

#.# #.# #.# #.## #.# #.##
#..# ####'## #...
###'###### #.....# ###.
.........# #.....# #.
.........# ##)....# #.
.........# # ##~.....# #.
.........###K3##+##~~.....#
#.
........4'35KK#?♣/#~......#
#.
.........####K#§C(#~####'##
#. .........# ##:##~# #.#
## #######'## ###~~# #.# #
##.# #######.# # #..#
#.......# ## #.## #.#######
#[ #####'### ####'########
#. #.......# #......[.....
+.


You could see an ettin.

Vanquished Creatures
  4 two-headed ogres
  An oklob plant (D:9)
  Joseph (D:9)
  3 unseen horrors
  2 kobold demonologists
  A komodo dragon (D:11)
  4 trolls
  2 hornets
  A shadow (D:11)
  4 wyverns
  3 wraiths
  Grum (D:8)
  2 basilisks (D:10)
  2 steam dragons (D:8)
  5 water moccasins
  A sky beast (D:7)
  2 ice beasts
  2 black bears
  An ogre (D:5)
  2 orc warriors (D:7)
  6 wolves
  2 centaurs
  6 kobold brigands
  Blork the orc (D:5)
  3 bullfrogs
  A gnoll sergeant (D:9)
  A necrophage (D:7)
  7 scorpions
  15 wights
  4 killer bees (D:10)
  An oklob sapling (D:9)
  8 electric eels (D:8)
  4 jellies
  8 orc priests
  3 hounds
  A scorpion zombie (D:3)
  Ijyb (D:4)
  14 orc wizards
  7 iguanas
  A hound zombie (D:3)
  6 gnolls
  13 adders
  A shadow imp (D:7)
  3 white imps (D:7)
  2 ufetubi (D:7)
  2 worms
  A dart slug (D:1)
  21 orcs
  6 endoplasms
  A giant cockroach (D:4)
  4 goblins
  7 hobgoblins
  3 jackals (D:2)
  2 quokkas
  12 ball pythons
  9 bats
  4 frilled lizards
  9 kobolds
  5 rats
249 creatures vanquished.

Vanquished Creatures (others)
  3 demonic plants (D:7)
  3 fungi (D:10)
  26 plants
  A withered plant (D:1)
33 creatures vanquished.

Grand Total: 282 creatures vanquished

Notes
Turn   | Place    | Note
-------+----------+-------------------------------------------
     0 | D:1      | 112233 the Demonspawn Air Elementalist began the quest for
                  | the Orb.
     0 | D:1      | Reached XP level 1. HP: 13/13 MP: 3/3
   249 | D:1      | Gained mutation: Spells you cast may paralyse adjacent
                  | enemies. [demonic ancestry]
   249 | D:1      | Reached XP level 2. HP: 19/19 MP: 1/5
  1178 | D:1      | Found a faded altar of an unknown god.
  1511 | D:2      | Gained mutation: Your demonic aura sometimes causes spilled
                  | blood to erupt in flames. [demonic ancestry]
  1511 | D:2      | Reached XP level 3. HP: 12/24 MP: 0/6
  1809 | D:2      | Reached skill level 3 in Air Magic
  2305 | D:2      | Identified the +3 sling of the Ring {freeze, Str+4}
  2314 | D:2      | Learned a level 2 spell: Static Discharge
  2844 | D:3      | Found Kiufitul's Jewellery Emporium.
  2905 | D:3      | Found a runed translucent gate.
  2905 | D:3      | Found a runed translucent gate.
  2905 | D:3      | Found a runed translucent gate.
  2905 | D:3      | Noticed Demigod47's ghost (weakling DsAK)
  2907 | D:3      | Found a basalt altar of Yredelemnul.
  2922 | D:3      | Gained mutation: You are partially covered in slimy green
                  | scales. (AC +2) [demonic ancestry]
  2922 | D:3      | Reached XP level 4. HP: 28/30 MP: 2/7
  3107 | D:3      | Learned a level 3 spell: Swiftness
  3792 | D:4      | Noticed a scorpion
  3960 | D:4      | Noticed a scorpion
  3979 | D:4      | Killed a scorpion
  3980 | D:4      | Reached skill level 1 in Fighting
  3980 | D:4      | Gained mutation: Your demonic aura often causes spilled
                  | blood to erupt in flames. [demonic ancestry]
  3980 | D:4      | Reached XP level 5. HP: 28/37 MP: 0/9
  4178 | D:4      | Reached XP level 6. HP: 40/43 MP: 2/10
  4211 | D:4      | Identified the +6 sling of Pighudest {freeze, rCorr}
  4945 | D:4      | Reached skill level 4 in Air Magic
  4998 | D:4      | Noticed Ijyb
  5004 | D:5      | Entered Level 5 of the Dungeon
  5011 | D:5      | Learned a level 4 spell: Airstrike
  5029 | D:5      | Noticed Blork the orc
  5038 | D:5      | Gained mutation: Spells you cast may paralyse nearby
                  | enemies. [demonic ancestry]
  5038 | D:5      | Reached XP level 7. HP: 42/51 MP: 12/12
  5104 | D:5      | Killed Blork the orc
  5263 | D:4      | Killed Ijyb
  5731 | D:5      | Found Gami's Armour Boutique.
  5789 | D:5      | Bought a +0 pair of gloves of strength for 126 gold pieces
  5845 | D:5      | HP: 1/51 [ogre/+0 giant club (34)]
  6290 | D:5      | Gained mutation: You are mostly covered in slimy green
                  | scales. (AC +3) [demonic ancestry]
  6290 | D:5      | Reached XP level 8. HP: 52/58 MP: 12/14
  6611 | D:5      | Found a staircase to the Ecumenical Temple.
  6805 | Temple   | Entered the Ecumenical Temple
  6858 | Temple   | Became a worshipper of Makhleb the Destroyer
  7086 | D:6      | Reached skill level 5 in Air Magic
  7579 | D:7      | Noticed a troll
  7589 | D:7      | Killed a troll
  7590 | D:7      | Reached skill level 5 in Spellcasting
  7590 | D:7      | Reached skill level 5 in Conjurations
  7879 | D:7      | Reached skill level 5 in Dodging
  7989 | D:7      | Got the -2 pair of gloves of Greater Demons {Rampage rElec
                  | rF+ rN+}
  8013 | D:7      | Learned a level 2 spell: Blink
  8026 | D:7      | Found the +18 Lear's hauberk
  8155 | D:7      | Reached XP level 9. HP: 66/66 MP: 12/16
  8681 | D:7      | Reached skill level 6 in Air Magic
  8688 | D:7      | Reached skill level 5 in Fighting
  9055 | D:7      | Reached * piety under Makhleb
  9221 | D:7      | Identified the +1 leather armour of the Shining Light
                  | {Str+5 Dex+3}
  9610 | D:8      | Identified the +3 leather armour of Kuadobo {Drain rPois
                  | Dex+6}
  9912 | D:8      | Noticed Grum
 10027 | D:8      | Reached skill level 7 in Air Magic
 10085 | D:8      | Found a sacrificial altar of Ru.
 10126 | D:8      | Noticed a two-headed ogre
 10130 | D:8      | Killed a two-headed ogre
 10263 | D:8      | Found a broken altar of Ashenzari.
 10276 | D:8      | Gained mutation: You have a small tail. [demonic ancestry]
 10276 | D:8      | Reached XP level 10. HP: 76/76 MP: 19/19
 10786 | D:8      | Reached ** piety under Makhleb
 10910 | D:8      | Killed Grum
 11057 | D:8      | Reached skill level 8 in Air Magic
 11290 | D:9      | Found a shimmering altar of Xom.
 11291 | D:9      | Found a shimmering altar of Xom.
 11291 | D:9      | Found a shimmering altar of Xom.
 11489 | D:9      | Noticed a two-headed ogre
 11495 | D:9      | Killed a two-headed ogre
 11876 | D:9      | Noticed Joseph
 11879 | D:9      | Killed Joseph
 11880 | D:9      | Reached skill level 9 in Air Magic
 12028 | D:9      | Found a staircase to the Orcish Mines.
 12638 | D:9      | Noticed an oklob plant
 12933 | D:9      | Killed an oklob plant
 12934 | D:9      | Gained mutation: Your demonic aura causes all spilled blood
                  | to erupt in flames. [demonic ancestry]
 12934 | D:9      | Reached XP level 11. HP: 84/84 MP: 8/21
 13148 | D:10     | Entered Level 10 of the Dungeon
 13615 | D:10     | Found an opulent altar of Gozag.
 13615 | D:10     | Found a snail-covered altar of Cheibriados.
 13802 | D:10     | Reached *** piety under Makhleb
 13884 | D:10     | Found a staircase to the Lair.
 13911 | D:10     | Noticed a two-headed ogre
 13914 | D:10     | Killed a two-headed ogre
 13915 | D:10     | Reached skill level 10 in Air Magic
 14381 | D:10     | Found Momag Baph's Armour Shop.
 15124 | D:11     | Noticed a two-headed ogre
 15128 | D:11     | Killed a two-headed ogre
 15490 | D:11     | Noticed a soul eater
 15495 | D:11     | Noticed an ettin
 15496 | D:11     | Mangled by an ettin

Illustrated notes

Levels and vault maps discovered:
D:1:      dpeg_arrival_rooms_b, layout_loops_ring,
          shapermc_ecumenical_altar_flowoftime
D:2:      layout_loops_corners, grunt_decor_fettered, kennysheep_pointless_box
D:3:      layout_loops_ring, nicolae_yredelemnul_ghost_church, serial_shops,
          shop
D:4:      wander_river, layout_basic, uniq_ijyb
D:5:      layout_cave_pools, minmay_temple_entry_proselytizer, serial_shops,
          shop, uniq_blork_the_orc
D:6:      layout_basic, nicolae_elyvilon_peaceful_grove, amethyst_killhole
D:7:      layout_gridville, serial_demonic, serial_demonic_g, serial_demonic_e,
          serial_demonic_c, serial_demonic_d, st_stairs_7,
          hellmonk_guarded_unrand_lears
D:8:      wad_lake_hut, layout_rooms, nicolae_ru_the_path_less_chosen,
          nicolae_ashenzari_skybound, uniq_grum
D:9:      layout_irregular_city, xom_redecorated, minmay_orc_entry_temple_small,
          introduction_to_nature_1, uniq_joseph
D:10:     layout_cave_pods, jmf_multi_god_temple, minmay_lair_entry_grove,
          serial_shops, nicolae_take_the_stairs
D:11:     layout_roguey, lightli_airlock
Temple:   hellmonk_temple_of_storms

Skill      XL: |  1  2  3  4  5  6  7  8  9 10 11 |
---------------+----------------------------------+-----
Stealth        | 2 |  2.3
Dodging        | 2 3 4 5 6 7 8 |  8.1
Air Magic      | 3 4 5 7 9 10 | 10.5
Conjurations   | 2 3 4 5 |  5.1
Fighting       | 1 2 3 4 6 7 8 |  8.3
Spellcasting   | 3 4 5 6 7 8 |  8.2

Action                   |  1- 3 |  4- 6 |  7- 9 | 10-12 || total
-------------------------+-------+-------+-------+-------++-------
Melee: Dagger            |    41 |    18 |    13 |    23 ||    95
       Unarmed           |     2 |       |       |       ||     2
       Tailslap          |       |       |       |     3 ||     3
 Fire: Sling             |    10 |    10 |       |       ||    20
 Cast: Shock             |    76 |    70 |    87 |     4 ||   237
       Static Discharge  |     2 |    19 |    24 |    22 ||    67
       Airstrike         |       |       |    62 |   166 ||   228
       Swiftness         |       |       |     2 |     6 ||     8
  Use: Potion            |       |     2 |       |     2 ||     4
       Scroll            |       |       |       |     3 ||     3
 Stab: Paralysed         |     6 |     6 |    10 |    13 ||    35
       Sleeping          |       |     1 |       |     1 ||     2
Armor: Robe              |    12 |     8 |    14 |    16 ||    50
       Skin              |       |     5 |       |       ||     5
Dodge: Dodged            |    43 |    19 |    32 |    54 ||   148
